 Dungeon Crawl Stone Soup version 0.27-a0-1302-g7736ffe575 (webtiles) character file.

Game seed: 13364245101291932367

60 Kinoniko the Chopper (level 3, -3/31 HPs)
             Began as a Minotaur Fighter on June 18, 2021.
             Killed by nerve-wracking pain
             ... invoked by an orc priest
              (7 damage)
             ... on level 3 of the Dungeon.
             The game lasted 00:02:10 (2264 turns).

Kinoniko the Chopper (Minotaur Fighter)             Turns: 2264, Time: 00:02:11

Health: -3/31      AC:  9    Str: 20    XL:     3   Next: 80%
Magic:  2/2        EV:  5    Int:  6    God:
Gold:   52         SH:  9    Dex:  9    Spells: 2/2 levels left

rFire    . . .     SeeInvis .   a - +1 war axe
rCold    . . .     Faith    .   c - +0 kite shield
rNeg     . . .     Spirit   .   g - +0 chain mail
rPois    .         Reflect  .   (helmet restricted)
rElec    .         Harm     .   (no cloak)
rCorr    .         Rampage  .   (no gloves)
Will     .....                  (no boots)
Stlth    ..........             (no amulet)
HPRegen  0.10/turn              (no ring)
MPRegen  0.08/turn              (no ring)

@: no status effects
A: horns 2, retaliatory headbutt
a: no special abilities


You were on level 3 of the Dungeon.
You visited 1 branch of the dungeon, and saw 3 of its levels.

You collected 52 gold pieces.

Inventory:

Hand Weapons
 a - a +1 war axe (weapon)
Armour
 c - a +0 kite shield (worn)
 g - a +0 chain mail (worn)
Scrolls
 f - 2 scrolls of teleportation
 h - a scroll of fear {unknown}
Potions
 b - a potion of heal wounds {unknown}
 d - 3 potions of might
 e - a potion of lignification


   Skills:
 - Level 3.6 Fighting
 * Level 5.1 Axes
 - Level 3.6 Armour
 - Level 3.6 Shields


You had 2 spell levels left.
You didn't know any spells.
Your spell library was empty.

Dungeon Overview and Level Annotations

Branches:
Dungeon (3/15)

Altars:
Hepliaklqana
Xom


Innate Abilities, Weirdness & Mutations

You have a pair of horns on your head.
You reflexively headbutt those who attack you in melee.


Message History

The orc priest begins to cast a cantrip, but forgets the words!
The orc hits you with a +0 morningstar.
Your Axes skill increases to level 5!
You closely miss the orc priest. You headbutt the orc priest.
The orc priest is heavily wounded.
You barely miss the orc. The orc hits you with a +0 morningstar.
The orc priest hits you with a +0 whip. You block the orc's attack.
Unknown command.
You closely miss the orc priest. You headbutt the orc priest.
The orc priest is heavily wounded.
You closely miss the orc. You block the orc priest's attack.
You block the orc's attack.
You hit the orc priest but do no damage.
The orc priest is heavily wounded.
You slash the orc!
You kill the orc!
The orc priest hits you with a +0 whip. You block the orc priest's attack.
Unknown command.
Unknown command.
You hit the orc priest but do no damage.
The orc priest is heavily wounded.
The orc priest looks satisfied for a moment.
You barely miss the orc priest.
The orc priest is heavily wounded.
The orc priest mumbles some strange prayers to Beogh against you.
Pain shoots through your body! You block the orc priest's attack.
Unknown command.
You are too injured to fight recklessly!
Unknown command.
You barely miss the orc priest. You headbutt the orc priest.
The orc priest is almost dead.
The orc priest calls down the wrath of Beogh upon you.
Pain shoots through your body!
* * * LOW HITPOINT WARNING * * *
You barely miss the orc priest.
The orc priest is severely wounded.
The orc priest looks braver for a moment.
The orc priest mumbles some strange prayers to Beogh against you.
Pain shoots through your body!
You die...

.......# ########
.... #..# #########
.... #.......# ##..#
#.#####.# .... ##.#
#.# ##..### ...#
###†### ♣.)o).# ####
#.....# #8)@8##
#.....####..#.#
#......# #....#
#......# ####.#
#......# #.# ######.#
#.# # #.# #.######
##.###.# #.##...#
##......######...#..#


You could see an orc priest.

Vanquished Creatures
  An adder (D:2)
  A dart slug (D:1)
  3 orcs (D:3)
  3 ball pythons
  2 bats
  3 endoplasms
  2 giant cockroaches (D:1)
  5 goblins
  6 hobgoblins
  3 jackals
  2 quokkas
  A frilled lizard (D:1)
  5 kobolds
  A rat (D:2)
38 creatures vanquished.

Vanquished Creatures (others)
  61 plants (D:2)
61 creatures vanquished.

Grand Total: 99 creatures vanquished

Notes
Turn   | Place    | Note
-------+----------+-------------------------------------------
     0 | D:1      | Kinoniko the Minotaur Fighter began the quest for the Orb.
     0 | D:1      | Reached XP level 1. HP: 19/19 MP: 0/0
    95 | D:1      | Reached skill level 3 in Axes
   281 | D:1      | Reached XP level 2. HP: 26/26 MP: 1/1
   827 | D:1      | Reached skill level 4 in Axes
  1093 | D:2      | Reached XP level 3. HP: 31/31 MP: 2/2
  1555 | D:2      | Found a faded altar of an unknown god.
  2229 | D:3      | Found a hazy altar of Hepliaklqana.
  2230 | D:3      | Found a shimmering altar of Xom.
  2230 | D:3      | Noticed a bullfrog
  2231 | D:3      | Noticed a spectral ugly thing
  2258 | D:3      | Reached skill level 5 in Axes
  2264 | D:3      | Killed from afar by an orc priest

Illustrated notes

Levels and vault maps discovered:
D:1:      mrwooster_arrival_statue_3, layout_basic, minmay_hexomino_f4
D:2:      layout_loops_ring, serial_bayou, serial_bayou_pond_a,
          serial_bayou_lagoon_a, serial_bayou_lagoon_b, serial_bayou_pond_d,
          shapermc_ecumenical_altar_notcrosses, corexii_item_surrounded_by_moat,
          grunt_decor_junction, grunt_decor_mini_mirrors, minmay_fountain_box,
          nrook_mini_vaults, minmay_misc_feat_roman,
          chequers_serial_rivers_micro_a
D:3:      layout_loops_corners, minitemple, regret_index_temple_of_mockery,
          serial_shops, nicolae_shop_temple_entry_statues_fountains,
          chequers_serial_rivers_micro_a, uniq_natasha

Skill      XL: |  1  2  3 |
---------------+----------+-----
Axes           | 3 4 5 |  5.1
Fighting       | |  3.6
Armour         | |  3.6
Shields        | |  3.6

Action                   || total
-------------------------++-------
Melee: War axe           ||    83
       Headbutt          ||    14
  Use: Scroll            ||     4
Armor: Scale mail        ||    25
       Chain mail        ||    16
Dodge: Dodged            ||    18
Block: Kite shield       ||    40

Table legend: (Time is in decaauts)
 A = Elapsed time spent in this place.
 B = Non-inter-level travel time spent in this place.
 C = Inter-level travel time spent in this place.
 D = Time resting spent in this place.
 E = Time spent auto-exploring this place.
 F = Levels seen in this place.
 G = Mean time per level.
                   A        B        C        D        E       F      G
               +--------+--------+--------+--------+--------+-----+--------+
         Total |   2331 |   2282 |     49 |    245 |   1782 |   3 |  777.0 |
       Dungeon |   2331 |   2282 |     49 |    245 |   1782 |   3 |  777.0 |
               +--------+--------+--------+--------+--------+-----+--------+

Top non-repeatable levels by time:
     D:2: 1196 daAuts
     D:1: 878 daAuts
     D:3: 255 daAuts
